 Dungeon Sprint DCSS version 0.21.2 (webtiles) character file.

8 Fang the Skirmisher (level 2, 0/20 HPs)
             Began as a Gargoyle Berserker on Jan 23, 2019.
             Was a Believer of Trog.
             Slain by a worker ant (2 damage)
             ... in the Dungeon (Sprint VII: "The Pits").
             The game lasted 00:00:19 (142 turns).

Fang the Skirmisher (Gargoyle Berserker)             Turns: 142, Time: 00:00:19

Health: 0/20       AC:  5    Str: 20    XL:     2   Next: 8%
Magic:  2/2        EV: 12    Int:  7    God:    Trog [**....]
Gold:   0          SH:  0    Dex:  9    Spells: 1/1 levels left

rFire    . . .     SeeInvis .   j - +2 hand axe
rCold    . . .     Gourm    .   (no shield)
rNeg     + . .     Faith    .   b - +0 animal skin
rPois    ∞         Spirit   .   (no helmet)
rElec    +         Reflect  .   (no cloak)
rCorr    .         Harm     .   (no gloves)
MR       .....     NoTele   +   (no boots)
Stlth    +.........             (no amulet)
HPRegen  0.06/turn              (no ring)
MPRegen  0.08/turn              (no ring)

@: no status effects
A: negative energy resistance 1, electricity resistance, unbreathing,
petrification resistance, rot immunity, AC +2
a: Berserk, Trog's Hand, Burn Spellbooks, Renounce Religion


You were in the Dungeon.
You worshipped Trog.
Trog was pleased with you.
You were not hungry.

You visited 1 branch

Inventory:

Hand Weapons
 j - a +2 hand axe (weapon)
Armour
 b - a +0 animal skin (worn)
Scrolls
 i - a scroll of blinking
 k - 3 scrolls of remove curse
 l - a scroll of summoning
Potions
 a - 2 potions of invisibility
 d - a potion of curing
 e - a potion of heal wounds
 f - a potion of haste
 g - 4 potions of magic
 h - 3 potions of berserk rage
Comestibles
 c - 9 rations


   Skills:
 + Level 4.2 Fighting
 + Level 3.5 Axes
 + Level 2.5 Armour
 + Level 1.9 Dodging


You had one spell level left.
You didn't know any spells.

Dungeon Overview and Level Annotations

Branches:
Dungeon (1/1)

Altars:
Gozag
Hepliaklqana
Sif Muna
Trog
Jiyva


Innate Abilities, Weirdness & Mutations

You are resistant to torment.
Your stone body is resilient. (AC +2)
You are immune to poison.
You resist negative energy. (rN+)
You are resistant to electric shocks. (rElec)
You can survive without breathing.
You are immune to petrification.
You are immune to rotting.


Message History

The worker ant completely misses you. The river rat barely misses you.
The worker ant closely misses you.
You hit the river rat but do no damage.
You hit the worker ant but do no damage.
The river rat barely misses you.
The worker ant bites you but does no damage.
You barely miss the river rat.
You hit the worker ant but do no damage.
The river rat closely misses you. The worker ant bites you.
You closely miss the river rat.
You hit the worker ant but do no damage.
The river rat closely misses you. The worker ant bites you.
You hit the river rat but do no damage. You slash the worker ant!
The worker ant barely misses you. The river rat closely misses you.
The worker ant bites you. The river rat bites you!
* * * LOW HITPOINT WARNING * * *
You closely miss the river rat.
You hit the worker ant but do no damage.
The worker ant bites you.
You die...

__.# ..###########++
##########'##...........
#.?(.')))'.##......#..#.
##########.##...........
#....†....†.'...........
#+#####'#####......#..#.
#..#a.##...........
+..'@r#####'#####++
####+###.......#
#.......# #.......#
#...<...# #.......#
#.......# #.......#
#########


You could see a worker ant and a river rat.

Vanquished Creatures
  An ufetubus (D)
  2 jackals (D)
3 creatures vanquished.

Notes
Turn   | Place    | Note
-------+----------+-------------------------------------------
     0 | D        | Fang the Gargoyle Berserker began the quest for the Orb.
     0 | D        | Reached XP level 1. HP: 14/14 MP: 1/1
    97 | D        | Found a bloodstained altar of Trog.
    97 | D        | Found a deep blue altar of Sif Muna.
    97 | D        | Found a viscous altar of Jiyva.
    97 | D        | Found a hazy altar of Hepliaklqana.
    97 | D        | Found an opulent altar of Gozag.
   131 | D        | Reached ** piety under Trog
   131 | D        | Reached skill level 4 in Fighting
   131 | D        | Reached XP level 2. HP: 20/20 MP: 2/2
   142 | D        | Slain by a worker ant

Skill      XL: |  1 |
---------------+----+-----
Axes           | 3 |  3.5
Fighting       | 4 |  4.2
Armour         | |  2.5
Dodging        | |  1.9

Action                   || total
-------------------------++-------
Melee: Hand axe          ||    12
Armor: Animal skin       ||     5
Dodge: Dodged            ||    21
